SAAA
BANGOR TRIDENT BASE OGRES @ TREMONT DOUBLEDAYS
06/07/2019
 
TOP OF THE 1ST
Bangor Trident Base Ogres batting - Pitching for Tremont Doubledays : RHP Rob Stone
Pitching: RHP Rob Stone
Batting: RHB Hubert Dodson 0-0: Foul Ball, location: 2F
0-1: Foul Ball, location: 2F
0-2: Ball
1-2: Ball
2-2: Ball
3-2: Strikes out swinging
Batting: RHB Joe Runyon 0-0: Foul Ball, location: 2F
0-1: Swinging Strike
0-2: Ball
1-2: Foul Ball, location: 2F
1-2: Strikes out swinging
Batting: LHB Bernardo Elías 0-0: Ball
1-0: Swinging Strike
1-1: Called Strike
1-2: Strikes out swinging
Top of the 1st over - 0 run(s), 0 hit(s), 0 error(s), 0 left on base; Bangor Trident Base 0 - Tremont 0
BOTTOM OF THE 1ST
Tremont Doubledays batting - Pitching for Bangor Trident Base Ogres : RHP Jim Johnstone
Pitching: RHP Jim Johnstone
Batting: RHB Dan Curtis 0-0: Ball
1-0: Called Strike
1-1: Swinging Strike
1-2: Ball
2-2: Foul Ball, location: 2F
2-2: Ball
3-2: Foul Ball, location: 2F
3-2: Foul Ball, location: 2F
3-2: Strikes out looking
Batting: RHB Iván Ríos 0-0: Ball
1-0: Ball
2-0: Bunt missed!
2-1: Swinging Strike
2-2: Foul Ball, location: 2F
2-2: Foul Ball, location: 2F
2-2: Strikes out swinging
Batting: RHB Kazunori Ito 0-0: Ground out 1-3 (Groundball, 13S)
Bottom of the 1st over - 0 run(s), 0 hit(s), 0 error(s), 0 left on base; Bangor Trident Base 0 - Tremont 0
TOP OF THE 2ND
Bangor Trident Base Ogres batting - Pitching for Tremont Doubledays : RHP Rob Stone
Batting: RHB Tyrone Graham 0-0: Foul Ball, location: 2F
0-1: Ball
1-1: Foul Ball, location: 2F
1-2: Strikes out swinging
Batting: RHB Walt Richard 0-0: Ball
1-0: Foul Ball, location: 2F
1-1: Fly out, F9 (Flyball, 9M)
Batting: RHB Jeremy Christensen 0-0: Foul Ball, location: 2F
0-1: Ball
1-1: Ball
2-1: Ball
3-1: Called Strike
3-2: Foul Ball, location: 2F
3-2: Strikes out swinging
Top of the 2nd over - 0 run(s), 0 hit(s), 0 error(s), 0 left on base; Bangor Trident Base 0 - Tremont 0
BOTTOM OF THE 2ND
Tremont Doubledays batting - Pitching for Bangor Trident Base Ogres : RHP Jim Johnstone
Batting: RHB Hank Wilder 0-0: Ball
1-0: Ball
2-0: Called Strike
2-1: Reached on Error, E9 (Flyball, 9LM)
Batting: SHB Carroll Kline 0-0: Called Strike
0-1: Called Strike
0-2: Ball
1-2: Ball
2-2: SINGLE (Flyball, 8RS)
Hank Wilder to second
Batting: RHB Claudio Mendoza 0-0: Ball
1-0: Ball
2-0: Ball
3-0: Called Strike
3-1: Base on Balls
Hank Wilder to third
Carroll Kline to second
Batting: RHB James Peterson 0-0: Ball
1-0: Swinging Strike
1-1: Swinging Strike
1-2: Ball
2-2: Strikes out swinging
Batting: LHB Arturo Acosta 0-0: Ball
1-0: Swinging Strike
1-1: Fly out, F7 (Flyball, 7S)
Batting: SHB Colm Neal 0-0: Ball
1-0: SINGLE (Line Drive, 78M)
Hank Wilder scores
Carroll Kline to third
Claudio Mendoza to second
Runner from 3rd tries for Home, SAFE, no throw or cutoff
Batting: RHB Dan Curtis 0-0: Ball
1-0: Fly out, F8 (Flyball, 8LM)
Bottom of the 2nd over - 2 run(s), 2 hit(s), 1 error(s), 2 left on base; Bangor Trident Base 0 - Tremont 2
TOP OF THE 3RD
Bangor Trident Base Ogres batting - Pitching for Tremont Doubledays : RHP Rob Stone
Batting: LHB Alex Ford 0-0: Ball
1-0: Ball
2-0: Swinging Strike
2-1: Fly out, F8 (Popup, 8RS)
Batting: SHB Troy Grant 0-0: Foul Ball, location: 2F
0-1: Ball
1-1: Ball
2-1: DOUBLE (Flyball, 8LXD)
Batting: RHB Stan Pierce 0-0: Called Strike
0-1: Ball
1-1: Ball
2-1: Ball
3-1: Swinging Strike
3-2: Base on Balls
Batting: RHB Hubert Dodson 0-0: Swinging Strike
0-1: Ball
1-1: Foul Ball, location: 2F
1-2: Foul Ball, location: 2F
1-2: Foul Ball, location: 2F
1-2: Foul Ball, location: 2F
1-2: Ball
2-2: DOUBLE (Line Drive, 78XD)
Troy Grant scores
Stan Pierce to third
Runner from 3rd tries for Home, SAFE, throw made at trailing runner, SAFE at third!
Batting: RHB Joe Runyon 0-0: Called Strike
0-1: Fly out, F7 (Line Drive, 7D)
Runner from 3rd tags up, SCORES, no throw
Batting: LHB Bernardo Elías 0-0: Called Strike
0-1: Ground out 4-3 (Groundball, 4)
Top of the 3rd over - 3 run(s), 2 hit(s), 0 error(s), 0 left on base; Bangor Trident Base 3 - Tremont 2
BOTTOM OF THE 3RD
Tremont Doubledays batting - Pitching for Bangor Trident Base Ogres : RHP Jim Johnstone
Batting: RHB Iván Ríos 0-0: Called Strike
0-1: Ball
1-1: Called Strike
1-2: Strikes out swinging
Batting: RHB Kazunori Ito 0-0: SINGLE (Groundball, 56D)
Batting: RHB Hank Wilder 0-0: Ball
1-0: Ball
2-0: DOUBLE (Popup, 7LS)
Kazunori Ito to third
Runner from 3rd tries for Home, SAFE, throw made home
Pitching: RHP Benjamin Baars
Batting: SHB Carroll Kline 0-0: SINGLE (Line Drive, 9LS)
Hank Wilder to third
Batting: RHB Claudio Mendoza 0-0: Ball
1-0: Foul Ball, location: 2F
1-1: Swinging Strike
1-2: Ball
2-2: Fielders Choice at 2nd, 6-4 (Groundball, 6)
Hank Wilder scores
Batting: RHB James Peterson 0-0: Ball
1-0: Ground out 1-3 (Groundball, 15)
Bottom of the 3rd over - 2 run(s), 3 hit(s), 0 error(s), 1 left on base; Bangor Trident Base 3 - Tremont 4
TOP OF THE 4TH
Bangor Trident Base Ogres batting - Pitching for Tremont Doubledays : RHP Rob Stone
Batting: RHB Tyrone Graham 0-0: Called Strike
0-1: Called Strike
0-2: Foul Ball, location: 2F
0-2: Foul Ball, location: 2F
0-2: Ball
1-2: Foul Ball, location: 2F
1-2: SINGLE (Groundball, 4M)
Batting: RHB Walt Richard 0-0: Called Strike
0-1: Swinging Strike
0-2: Ball
1-2: Foul Ball, location: 2F
1-2: Strikes out looking
Batting: RHB Jeremy Christensen 0-0: Swinging Strike
0-1: Ball
Tyrone Graham steals 2nd base
1-1: Swinging Strike
1-2: Strikes out swinging
Batting: LHB Alex Ford 0-0: Ball
1-0: Ball
2-0: Called Strike
2-1: Called Strike
2-2: 2-RUN HOME RUN (Flyball, 9LD), Distance : 370 ft
Batting: SHB Troy Grant 0-0: Ball
1-0: DOUBLE (Flyball, 8RM)
Pitching: RHP Raúl Rodríguez
Pinch Runner at 2nd Jerome Perry:
Batting: RHB Stan Pierce 0-0: Ball
1-0: Foul Ball, location: 2F
1-1: Ball
2-1: Ball
3-1: Foul Ball, location: 2F
3-2: Ground out 4-3 (Groundball, 34)
Top of the 4th over - 2 run(s), 3 hit(s), 0 error(s), 1 left on base; Bangor Trident Base 5 - Tremont 4
BOTTOM OF THE 4TH
Tremont Doubledays batting - Pitching for Bangor Trident Base Ogres : RHP Benjamin Baars
Now in CF: Jerome Perry
Batting: LHB Arturo Acosta 0-0: Reached on error, E1 (Groundball, 23)
Batting: SHB Colm Neal 0-0: Ball
1-0: Ball
2-0: Ball
3-0: Base on Balls
Arturo Acosta to second
Batting: RHB Dan Curtis 0-0: Ball
1-0: Swinging Strike
1-1: Swinging Strike
1-2: Strikes out looking
Batting: RHB Iván Ríos 0-0: Ball
1-0: Called Strike
1-1: Ground out 4-3 (Groundball, 4MS)
Arturo Acosta to third
Colm Neal to second
Batting: RHB Kazunori Ito 0-0: Ball
1-0: Fly out, F4 (Popup, 4MD)
Bottom of the 4th over - 0 run(s), 0 hit(s), 1 error(s), 2 left on base; Bangor Trident Base 5 - Tremont 4
TOP OF THE 5TH
Bangor Trident Base Ogres batting - Pitching for Tremont Doubledays : RHP Raúl Rodríguez
Batting: RHB Hubert Dodson 0-0: Foul Ball, location: 2F
0-1: Ball
1-1: Ground out 1-3 (Groundball, 15)
Batting: RHB Joe Runyon 0-0: Foul Ball, location: 2F
0-1: Ball
1-1: Called Strike
1-2: Ball
2-2: Foul Ball, location: 2F
2-2: Strikes out swinging
Batting: LHB Bernardo Elías 0-0: Ball
1-0: Called Strike
1-1: Ball
2-1: Ground out 5-3 (Groundball, 5)
Top of the 5th over - 0 run(s), 0 hit(s), 0 error(s), 0 left on base; Bangor Trident Base 5 - Tremont 4
BOTTOM OF THE 5TH
Tremont Doubledays batting - Pitching for Bangor Trident Base Ogres : RHP Benjamin Baars
Batting: RHB Hank Wilder 0-0: Called Strike
0-1: Swinging Strike
0-2: Ball
1-2: Strikes out swinging
Pitching: RHP Ángelo Cabrera
Batting: SHB Carroll Kline 0-0: Foul Ball, location: 2F
0-1: Swinging Strike
0-2: Strikes out swinging
Batting: RHB Claudio Mendoza 0-0: Called Strike
0-1: Ball
1-1: Called Strike
1-2: Ball
2-2: Strikes out looking
Bottom of the 5th over - 0 run(s), 0 hit(s), 0 error(s), 0 left on base; Bangor Trident Base 5 - Tremont 4
TOP OF THE 6TH
Bangor Trident Base Ogres batting - Pitching for Tremont Doubledays : RHP Raúl Rodríguez
Batting: RHB Tyrone Graham 0-0: Called Strike
0-1: Called Strike
0-2: Foul Ball, location: 2F
0-2: Strikes out swinging
Batting: RHB Walt Richard 0-0: Called Strike
0-1: Foul Ball, location: 2F
0-2: Foul Ball, location: 2F
0-2: Foul Ball, location: 2F
0-2: Ball
1-2: Foul Ball, location: 2F
1-2: Ball
2-2: Fly out, F7 (Flyball, 78XD)
Batting: RHB Jeremy Christensen 0-0: Ball
1-0: Ball
2-0: Fly out, F7 (Flyball, 7D)
Top of the 6th over - 0 run(s), 0 hit(s), 0 error(s), 0 left on base; Bangor Trident Base 5 - Tremont 4
BOTTOM OF THE 6TH
Tremont Doubledays batting - Pitching for Bangor Trident Base Ogres : RHP Ángelo Cabrera
Batting: RHB James Peterson 0-0: Ball
1-0: Ball
2-0: Called Strike
2-1: Foul Ball, location: 2F
2-2: Ball
3-2: Foul Ball, location: 2F
3-2: Fly out, F8 (Flyball, 8LXD)
Batting: LHB Arturo Acosta 0-0: SOLO HOME RUN (Flyball, 9LD), Distance : 361 ft
Batting: SHB Colm Neal 0-0: Swinging Strike
0-1: Swinging Strike
0-2: Ball
1-2: Ball
2-2: Strikes out swinging
Batting: RHB Dan Curtis 0-0: Ball
1-0: Ball
2-0: Ball
3-0: Called Strike
3-1: Swinging Strike
3-2: Foul Ball, location: 2F
3-2: Foul Ball, location: 2F
3-2: SINGLE (Line Drive, 89S)
Batting: RHB Iván Ríos 0-0: Ball
1-0: Foul Ball, location: 2F
1-1: Ball
2-1: Foul Ball, location: 2F
2-2: Fly out, F3 (Line Drive, 3)
Bottom of the 6th over - 1 run(s), 2 hit(s), 0 error(s), 1 left on base; Bangor Trident Base 5 - Tremont 5
TOP OF THE 7TH
Bangor Trident Base Ogres batting - Pitching for Tremont Doubledays : RHP Raúl Rodríguez
Pitching: RHP Ramón Lara
Batting: LHB Alex Ford 0-0: Ball
1-0: Called Strike
1-1: Ground out 2-3 (Groundball, 13S)
Batting: LHB Jerome Perry 0-0: Foul Ball, location: 2F
0-1: Foul Ball, location: 2F
0-2: Strikes out swinging
Pinch Hitting: LHB Jim Unknown 0-0: Called Strike
0-1: Ball
1-1: Ball
2-1: Called Strike
2-2: Foul Ball, location: 2F
2-2: Ball
3-2: Foul Ball, location: 2F
3-2: Foul Ball, location: 2F
3-2: SINGLE (Line Drive, 56)
Pinch Hitting: LHB Gerald Holloway 0-0: Ball
1-0: Ball
2-0: Ball
3-0: Called Strike
3-1: Ground out 4-3 (Groundball, 4)
Top of the 7th over - 0 run(s), 1 hit(s), 0 error(s), 1 left on base; Bangor Trident Base 5 - Tremont 5
BOTTOM OF THE 7TH
Tremont Doubledays batting - Pitching for Bangor Trident Base Ogres : RHP Ángelo Cabrera
Now at 3B: Jim Unknown
Now at SS: Émile Landry
Batting: RHB Kazunori Ito 0-0: Called Strike
0-1: Ball
1-1: Called Strike
1-2: Ball
2-2: Foul Ball, location: 2F
2-2: Ball
3-2: Base on Balls
Batting: RHB Hank Wilder 0-0: Ball
Kazunori Ito steals 2nd base
1-0: Ball
2-0: Foul Ball, location: 2F
2-1: Foul Ball, location: 2F
2-2: Foul Ball, location: 2F
2-2: Ball
3-2: Base on Balls
Batting: SHB Carroll Kline 0-0: Called Strike
0-1: Fly out, F7 (Flyball, 78S)
Pitching: LHP Denver Johnston
Pinch Hitting: RHB Raúl Catuncan 0-0: Ball
1-0: Ground out 5-3 (Groundball, 56)
Kazunori Ito to third
Hank Wilder to second
Batting: RHB James Peterson 0-0: Fly out, F8 (Flyball, 8RM)
Bottom of the 7th over - 0 run(s), 0 hit(s), 0 error(s), 2 left on base; Bangor Trident Base 5 - Tremont 5
TOP OF THE 8TH
Bangor Trident Base Ogres batting - Pitching for Tremont Doubledays : RHP Ramón Lara
Now at 2B: Raúl Catuncan
Batting: RHB Joe Runyon 0-0: Called Strike
0-1: Ball
1-1: Called Strike
1-2: Strikes out swinging
Batting: LHB Bernardo Elías 0-0: Ball
1-0: SINGLE (Groundball, 2R) (infield hit)
Batting: RHB Tyrone Graham 0-0: Ball
1-0: Called Strike
1-1: Ball
2-1: Grounds into double play, 4-6-3 (Groundball, 4)
Top of the 8th over - 0 run(s), 1 hit(s), 0 error(s), 0 left on base; Bangor Trident Base 5 - Tremont 5
BOTTOM OF THE 8TH
Tremont Doubledays batting - Pitching for Bangor Trident Base Ogres : LHP Denver Johnston
Batting: LHB Arturo Acosta 0-0: Ground out 4-3 (Groundball, 4M)
Pinch Hitting: RHB Jim Unknown 0-0: SINGLE (Line Drive, 8LS)
Batting: RHB Dan Curtis 0-0: Called Strike
0-1: SINGLE (Flyball, 7LS)
Jim Unknown to second
Batting: RHB Iván Ríos 0-0: Called Strike
0-1: Ball
1-1: Ball
2-1: Foul Ball, location: 2F
2-2: Ball
3-2: Strikes out swinging
Jim Unknown steals 3rd base
Batter strikes out.
Dan Curtis to second
Batting: RHB Kazunori Ito 0-0: Called Strike
0-1: SINGLE (Line Drive, 8RS)
Jim Unknown scores
Dan Curtis to third
Runner from 3rd tries for Home, SAFE, no throw or cutoff
Batting: RHB Hank Wilder 0-0: SINGLE (Groundball, 4D)
Kazunori Ito to second
Runner from 2nd tries for 3rd, SAFE, no throw or cutoff
Batting: SHB Carroll Kline 0-0: Ball
1-0: Ball
2-0: Called Strike
2-1: Called Strike
2-2: Ball
3-2: Base on Balls
Hank Wilder to second
Batting: RHB Raúl Catuncan 0-0: Called Strike
0-1: Swinging Strike
0-2: Ball
1-2: Ball
2-2: Foul Ball, location: 2F
2-2: DOUBLE (Line Drive, 89XD)
Kazunori Ito scores
Hank Wilder scores
Carroll Kline to third
Runner from 3rd tries for Home, SAFE, no throw or cutoff
Pitching: RHP Armando Ibarra
Batting: RHB James Peterson 0-0: Ball
1-0: Foul Ball, location: 2F
1-1: Ball
2-1: Ground out 6-3 (Groundball, 6)
Bottom of the 8th over - 5 run(s), 5 hit(s), 0 error(s), 1 left on base; Bangor Trident Base 5 - Tremont 10
TOP OF THE 9TH
Bangor Trident Base Ogres batting - Pitching for Tremont Doubledays : RHP Ramón Lara
Now in LF: Jim Unknown
Batting: RHB Walt Richard 0-0: Fly out, F8 (Flyball, 78D)
Batting: RHB Jeremy Christensen 0-0: Ball
1-0: Called Strike
1-1: Ball
2-1: Foul Ball, location: 2F
2-2: Foul Ball, location: 2F
2-2: Strikes out swinging
Batting: LHB Alex Ford 0-0: Reached on error, E4 (Groundball, 34)
Batting: LHB Jerome Perry 0-0: Called Strike
0-1: Ball
1-1: Fly out, F8 (Flyball, 8RM)
Top of the 9th over - 0 run(s), 0 hit(s), 1 error(s), 1 left on base; Bangor Trident Base 5 - Tremont 10
This league is powered by Out of the Park Baseball, the baseball management simulation game for PC, Mac and Linux
Saturday, July 25th, 2015 - OOTP Baseball 15.6 Build 34